 Dungeon Sprint DCSS version 0.30-a0-862-g1aabd4f9c5 (webtiles) character file.

Game seed: 656942091607253779

338 BigDaddyOpFi the Covert (level 6, -2/36 HPs)
             Began as an Octopode Conjurer on Mar 8, 2023.
             Was a Priest of Qazlal.
             Killed from afar by a deep elf zephyrmancer (38 damage)
             ... with a bolt of lightning
             ... in the Dungeon (Sprint V: "Ziggurat Sprint").
             The game lasted 00:01:29 (244 turns).

BigDaddyOpFi the Covert (Octopode Conjurer)          Turns: 244, Time: 00:01:30

Health: -2/36      AC:  1    Str: 20    XL:     6   Next: 55%
Magic:  14/14      EV: 11    Int: 32    God:    Qazlal [***...]
Gold:   0          SH: 31    Dex: 23    Spells: 14/15 levels left

rFire   x . .      SeeInvis .    z - +6 shillelagh "Devastator" {shatter}
rCold   + . .      Faith    .    j - +18 shield of the Gong {Loud rN+ Will+ rCorr EV-5}
rNeg    + . .      Spirit   .    (helmet restricted)
rPois   .          Reflect  .    (no amulet)
rElec   .          Rampage  .    r - ring of flight
rCorr   +          NoTele   +    s - +6 ring of dexterity
Will    +++..                    t - +6 ring of dexterity
Stlth   +++                      u - +6 ring of intelligence
HPRegen 0.26/turn                v - +6 ring of intelligence
MPRegen 0.14/turn                w - +6 ring of strength
                                 x - +6 ring of strength
                                 D - ring of Tison {Ice Will++ Slay+5 Stlth-}

@: flying, studying Summonings
A: almost no armour, amphibious, 8 rings, camouflage 1, gelatinous body 1,
(nimble swimmer 1), tentacles
a: Renounce Religion, Upheaval, Elemental Force


You were in the Dungeon.
You worshipped Qazlal.
Qazlal was most pleased with you.
You visited 1 branch

Inventory:

Hand Weapons
 z - the +6 shillelagh "Devastator" (weapon) {shatter}
   (You found it in the Dungeon)
Armour
 j - the +18 shield of the Gong (worn) {Loud rN+ Will+ rCorr EV-5}
   (You found it in the Dungeon)

   Loud:      It is deafeningly noisy when blocking attacks.
   EV:        It affects your evasion (-5).
   rN:        It protects you from negative energy.
   rCorr:     It protects you from acid and corrosion.
   Will:      It increases your willpower.
Jewellery
 r - a ring of flight (left tentacle)
 s - a +6 ring of dexterity (right tentacle)
 t - a +6 ring of dexterity (on tentacle)
 u - a +6 ring of intelligence (on tentacle)
 v - a +6 ring of intelligence (on tentacle)
 w - a +6 ring of strength (on tentacle)
 x - a +6 ring of strength (on tentacle)
 A - a ring of resist corrosion
 C - a ring of protection from cold
 D - the ring of Tison (on tentacle) {Ice Will++ Slay+5 Stlth-}
   (You found it in the Dungeon)

   [ring of ice]

   It enhances your ice magic.
   Slay:      It affects your accuracy & damage with ranged weapons and melee
   (+5).
   rF:        It makes you vulnerable to fire.
   rC:        It protects you from cold.
   Will:      It greatly increases your willpower.
   Stlth:     It makes you less stealthy.
Wands
 p - a wand of mindburst (7)
 q - a wand of quicksilver (7)
Scrolls
 f - 4 scrolls of blinking
 l - 4 scrolls of amnesia
 m - 7 scrolls of fog
 n - 5 scrolls of identify
 o - 2 scrolls of fear
 B - 4 scrolls of enchant armour
Potions
 a - 8 potions of magic
 b - 10 potions of curing
 c - 8 potions of heal wounds
 d - 6 potions of haste
 e - 3 potions of berserk rage
 g - 2 potions of brilliance
 h - 2 potions of invisibility
 i - 4 potions of resistance
 k - 5 potions of might
Miscellaneous
 y - a lightning rod (4/4)


   Skills:
 - Level 3.4 Maces & Flails
 + Level 6.9 Dodging
 * Level 11.7 Stealth
 + Level 5.4 Spellcasting
 + Level 6.8 Conjurations
 - Level 3.8 Invocations


You had 14 spell levels left.
You knew the following spells:

 Your Spells              Type           Power      Damage    Failure   Level
a - Magic Dart            Conj           100%       1d8       1%          1

Your spell library contained the following spells:

 Spells                   Type           Power      Damage    Failure   Level
 Searing Ray              Conj           100%       2d8       1%          2
 Dazzling Flash           Conj/Hex       60%        N/A       13%         3
 Fulminant Prism          Conj/Hex       15%        3d11      41%         4
 Iskenderun's Mystic Bla  Conj/Tloc      30%        2d8       41%         4
 Blade Hands              Tmut           4%         N/A       99%         5
 Iron Shot                Conj/Erth      15%        9d4       100%        6
 Animate Armour           Summ/Erth      Unusable   N/A       N/A         4

Dungeon Overview and Level Annotations

Branches:
Dungeon (1/1)

Altars:
Ashenzari
Cheibriados
Dithmenos
Elyvilon
Fedhas
Gozag
Hepliaklqana
Kikubaaqudgha
Makhleb
Nemelex Xobeh
Okawaru
Qazlal
Ru
Sif Muna
Trog
Uskayaw
Vehumet
Wu Jian
Xom
Yredelemnul
Zin
The Shining One
Jiyva
Lugonu

Annotations:
D 1 transporter


Innate Abilities, Weirdness & Mutations

You cannot wear most types of armour.
You are amphibious.
You can wear up to eight rings at the same time.
Your skin changes colour to match your surroundings (Stealth+).
Your rubbery body absorbs attacks. (AC +1, EV +1)
((You are camouflaged when in or above water. (Stealth+)))
You have tentacles for arms and can constrict up to eight enemies at once.


Message History

Found five items.
Found a transporter.
You thump the deep elf zephyrmancer!
The deep elf zephyrmancer and the deep elf archers shudder.
The deep elf zephyrmancer is severely wounded.
The deep elf archer is moderately wounded. x2
Your grab misses the deep elf zephyrmancer.
The deep elf zephyrmancer is severely wounded.
You block the deep elf zephyrmancer's attack.
GONNNNG!
The deep elf pyromancer gestures wildly while chanting.
The deep elf pyromancer blinks!
The deep elf zephyrmancer mumbles some strange words.
The deep elf zephyrmancer blinks!
The deep elf pyromancer gestures at you while chanting.
The bolt of fire hits you!! The fire burns you terribly!
Ouch! That really hurt!
* * * LOW HITPOINT WARNING * * *
You hit the deep elf archer but do no damage.
You grab the deep elf archer.
The deep elf archer is moderately wounded.
You constrict the deep elf archer.
The deep elf archer mumbles some strange words.
The deep elf archer blinks!
The deep elf archer casts a spell.
The deep elf archer struggles to blink free from constriction.
You feel much better.
You constrict the deep elf archer.
You block the deep elf zephyrmancer's attack.
GONNNNG!
The deep elf zephyrmancer mumbles some strange words.
The deep elf zephyrmancer blinks!
The deep elf pyromancer casts a spell.
The deep elf pyromancer blinks!
The deep elf archer escapes!
The deep elf archer shoots an arrow.
GONNNNG!
You block the arrow.
You feel much better.
The deep elf zephyrmancer gestures at you while chanting.
The bolt of lightning hits you!!!
Ouch! That really hurt!
You die...

▓.....▓.....▓..©..▓
▓..©..▓..©..▓▓▓▓▓▓▓
▓▓▓▓▓▓▓▓▓▓▓▓▓▓▓▓▓▓▓
▓..8©8...▓..8©8...▓
▓........▓..:e)...▓
▓...|....▓..e.[e..▓
▓...†....▓........▓
▓........▓§.e.....▓
▓.▓....▓.▓.▓e@°.▓.▓
▓...©....▓...©°...▓
▓▓▓▓▓▓▓▓▓▓▓▓▓▓▓▓▓▓▓


You could see 2 deep elf archers, a deep elf pyromancer and 2 deep elf
zephyrmancers.

Vanquished Creatures
  A phantom (D)
  A bullfrog (D)
  A necrophage (D)
  2 iguanas (D)
  3 orc wizards (D)
  An ufetubus (D)
  A bat zombie (D)
  A jackal (D)
  A ball python skeleton (D)
  A quokka skeleton (D)
13 creatures vanquished.

Notes
Turn   | Place    | Note
-------+----------+-------------------------------------------
     0 | D        | BigDaddyOpFi the Octopode Conjurer began the quest for the
                  | Orb.
     0 | D        | Reached XP level 1. HP: 11/11 MP: 3/3
     4 | D        | Found a blossoming altar of Fedhas.
     4 | D        | Found the +6 Majin-Bo {spellvamp, MP+6 Int+6}
     4 | D        | Found the +27 heavy crossbow "Sniper" {heavy, Acc+∞ SInv}
     4 | D        | Found the +10 dark maul {heavy}
     4 | D        | Found the +15 Maxwell's patent armour {-Cast -Tele rElec
                  | Will+ rCorr}
     4 | D        | Found the +18 shield of the Gong {Loud rN+ Will+ rCorr
                  | EV-5}
     4 | D        | Found the +16 obsidian axe {drain, demonic, Mesm Drain Fly
                  | SInv}
     4 | D        | Found the +7 great mace "Firestarter" {flame, inner flame,
                  | rFlCloud rF++}
     4 | D        | Found the +6 shillelagh "Devastator" {shatter}
     4 | D        | Found the +11 plutonium sword {Contam Stlth-}
     4 | D        | Found the +8 lance "Wyrmbane" {slay drac, rPois rF+ rC+
                  | AC+3}
     4 | D        | Found the +9 sword of Zonguldrok {reap}
     4 | D        | Found the +13 scythe of Curses {drain, curses, Drain}
     4 | D        | Found the +9 sword of Power {lifebolt}
     4 | D        | Found the +7 mace of Variability {chaos, chain chaos}
     4 | D        | Found the +11 Singing Sword {sonic wave}
     4 | D        | Found the +8 storm bow {elec, penet}
     5 | D        | Found a shimmering blue altar of Sif Muna.
     5 | D        | Found a sacrificial altar of Ru.
     5 | D        | Found a bloodstained altar of Trog.
     5 | D        | Found a stormy altar of Qazlal.
     5 | D        | Found an iron altar of Okawaru.
     5 | D        | Found a sparkling altar of Nemelex Xobeh.
     7 | D        | Found a transporter.
     7 | D        | Found an ancient bone altar of Kikubaaqudgha.
     7 | D        | Found a viscous altar of Jiyva.
     7 | D        | Found a corrupted altar of Lugonu.
     7 | D        | Found a hazy altar of Hepliaklqana.
     7 | D        | Found a burning altar of Makhleb.
     7 | D        | Found an opulent altar of Gozag.
    28 | D        | Became a worshipper of Qazlal Stormbringer
    43 | D        | Reached skill level 5 in Stealth
    43 | D        | Reached XP level 2. HP: 17/17 MP: 5/5
    61 | D        | Entered arena 2.
    61 | D        | Found a transporter.
    68 | D        | Reached skill level 6 in Stealth
    75 | D        | Entered arena 3.
    75 | D        | Found a transporter.
    79 | D        | Reached * piety under Qazlal
    80 | D        | Reached XP level 3. HP: 16/21 MP: 7/7
    81 | D        | Reached skill level 5 in Dodging
    81 | D        | Reached skill level 7 in Stealth
    81 | D        | Reached skill level 5 in Conjurations
    81 | D        | Reached XP level 4. HP: 22/27 MP: 7/9
   103 | D        | Entered arena 4.
   103 | D        | Noticed a bullfrog
   103 | D        | Found a transporter.
   107 | D        | Reached ** piety under Qazlal
   108 | D        | Reached skill level 8 in Stealth
   108 | D        | Killed a bullfrog
   109 | D        | Reached skill level 10 in Stealth
   109 | D        | Reached XP level 5. HP: 31/31 MP: 9/11
   125 | D        | Entered arena 5.
   125 | D        | Noticed a phantom
   125 | D        | Found a transporter.
   126 | D        | Reached *** piety under Qazlal
   131 | D        | Reached XP level 6. HP: 36/36 MP: 11/13
   136 | D        | Reached skill level 11 in Stealth
   136 | D        | Reached skill level 5 in Spellcasting
   144 | D        | Got the ring of Tison {Ice Will++ Slay+5 Stlth-}
   239 | D        | Entered arena 6.
   239 | D        | Noticed a deep elf zephyrmancer
   239 | D        | Noticed a deep elf pyromancer
   239 | D        | Noticed a deep elf archer
   239 | D        | Noticed a deep elf zephyrmancer
   239 | D        | Noticed a deep elf archer
   239 | D        | Found a transporter.
   244 | D        | Killed from afar by a deep elf zephyrmancer

Illustrated notes

Levels and vault maps discovered:
D:        sprint_v [room_start, room_1, room_2, room_3, room_4, room_5, room_6,
          room_7, room_8, room_9, room_10, room_11, room_12, room_13, room_14,
          room_15, room_16, room_17, room_18, room_19, room_20, room_21,
          room_22, room_23, room_24, room_25, room_26, room_27]

Skill      XL: |  1  2  3  4  5  6 |
---------------+-------------------+-----
Maces & Flails | 3 |  3.4
Dodging        | 4 5 6 |  6.9
Stealth        | 5 6 7 10 11 | 11.7
Invocations    | 3 |  3.8
Spellcasting   | 3 4 5 |  5.4
Conjurations   | 5 6 |  6.8

Action                     |  1- 3 |  4- 6 || total
---------------------------+-------+-------++-------
  Melee: Shillelagh        |     5 |    13 ||    18
         Constrict         |     1 |     3 ||     4
         Tentacles         |     1 |       ||     1
    Use: Potion            |     1 |     2 ||     3
   Stab: Sleeping          |     1 |       ||     1
 Armour: Skin              |     2 |       ||     2
  Dodge: Dodged            |     2 |     1 ||     3
  Block: Kite shield       |     5 |    17 ||    22

Table legend: (Time is in decaauts)
 A = Elapsed time spent in this place.
 B = Non-inter-level travel time spent in this place.
 C = Inter-level travel time spent in this place.
 D = Time resting spent in this place.
 E = Time spent auto-exploring this place.
 F = Levels seen in this place.
 G = Mean time per level.
                   A        B        C        D        E       F      G
               +--------+--------+--------+--------+--------+-----+--------+
         Total |    245 |    245 |      0 |    120 |      0 |   1 |  245.0 |
       Dungeon |    245 |    245 |      0 |    120 |      0 |   1 |  245.0 |
               +--------+--------+--------+--------+--------+-----+--------+

Top non-repeatable levels by time:
       D: 245 daAuts
